[Event "Slovakian ECo-C Extraliga 2024-25"]
[Site "Slovakia"]
[Date "2025.01.18"]
[Round "3.8"]
[White "Havalda, Samuel"]
[Black "Rucek, Kristian"]
[Result "0-1"]
[Annotator "TA"]
[ECO "C12"]
[WhiteElo "1947"]
[BlackElo "2173"]
[PlyCount "54"]
[EventDate "2024.09.12"]
[EventType "team-tourn"]
[EventCountry "SVK"]
[SourceTitle "playchess.com"]
[Source "ChessBase"]
[SourceQuality "1"]
[TimeControl "5400+30"]

1. e4 e6 2. d4 d5 3. Nc3 Nf6 4. Bg5 Bb4 5. e5 h6 6. Bd2 Bxc3 7. bxc3 Ne4 8. Qg4 g6 9. Bd3 Nxd2 10. Kxd2 {[%emt 0:00:06] [#]} c5 $1 11. f4 (11. h4 Nc6) 11... Qa5 12. Nf3 Nc6 13. dxc5 $1 d4 14. h4 (14. Rhd1 $15) 14... dxc3+ $17 (14... Qxc3+ 15. Ke2 Qxc5 16. h5 $11) 15. Ke2 Bd7 (15... Qxc5 16. h5 g5 17. Rab1 $11) 16. h5 (16. Rhb1 $17 O-O-O (16... Qxc5 17. Rb5 $17) 17. a3 (17. Rb5 Qa4 $17)) 16... gxh5 $19 17. Rxh5 $2 (17. Qxh5 O-O-O (17... Qxc5 18. Ng5 $17) 18. a3) 17... O-O-O ({Weaker is} 17... Qxc5 18. f5 $17) 18. Qh3 (18. Ne1 {keeps fighting.} Qxc5 19. Qh4) 18... Nb4 19. Rxh6 (19. Ne1 $142 Bb5 (19... Qxc5 $2 20. Qe3 $19) 20. Bxb5 Qxb5+ 21. Kf2 Qxc5+ 22. Kf1) 19... Rxh6 20. Qxh6 Nxd3 21. cxd3 Qa3 {[%emt 0:00:57] ...Qb2+ would now be deadly.} 22. Qh1 Qb2+ 23. Ke3 Bb5 24. Rd1 c2 25. Rc1 Rxd3+ 26. Kf2 Rd1 27. Qh8+ Kc7 0-1